 Dungeon Crawl Stone Soup version 0.30.1-11-g7821555f0a (webtiles) character file.

Game seed: 92712982800250106

2629 Martska the Changer (level 9, -1/64 (69) HPs)
             Began as a Human Wanderer on Dec 1, 2023.
             Was a Priest of Okawaru.
             Slain by a wight
             ... wielding a +0 long sword
              (4 damage)
             ... on level 7 of the Dungeon.
             The game lasted 00:17:08 (8226 turns).

Martska the Changer (Human Wanderer)                Turns: 8226, Time: 00:17:09

HP:   -1/64 (69)    AC: 11    Str: 11    XL:     9   Next: 92%
MP:   16/16         EV: 11    Int: 15    God:    Okawaru [***...]
Gold: 445           SH:  0    Dex: 16    Spells: 14/18 levels left

rFire   x . .        c - +2 short sword (venom)
rCold   + . .        (no shield)
rNeg    . . .        d - +2 scale mail
rPois   .            (no helmet)
rElec   .            (no cloak)
rCorr   .            f - +0 pair of gloves
SInv    .            x - +0 pair of boots
Will    .....        (no amulet) Stlth
                     e - ring of ice
HPRegen 0.30/turn    (no ring)
MPRegen 0.15/turn

%: no passive effects
@: about to teleport, wereblooded (expiring), drained
A: no striking features
a: Renounce Religion, Heroism


You were on level 7 of the Dungeon.
You worshipped Okawaru.
Okawaru was most pleased with you.
You visited 1 branch of the dungeon, and saw 7 of its levels.
You also visited: Sewer.

You collected 445 gold pieces.

Inventory:

Hand Weapons
 a - a +0 club
 c - a +2 short sword of venom (weapon)
 h - a +0 dagger of freezing
 w - a +2 dagger of freezing
 y - a +1 short sword of venom
Missiles
 E - 8 throwing nets
Armour
 d - a +2 scale mail (worn)
 f - a +0 pair of gloves (worn)
 x - a +0 pair of boots (worn)
Jewellery
 e - a ring of ice (left hand)
 i - a ring of fire
 z - a ring of positive energy
Wands
 b - a wand of flame (20)
 v - a wand of roots (16)
Scrolls
 g - 2 scrolls of enchant weapon {unknown}
 k - 2 scrolls of noise
 l - 2 scrolls of teleportation
 m - 2 scrolls of enchant armour {unknown}
 n - 2 scrolls of fear {unknown}
 o - 7 scrolls of identify {unknown}
 p - 2 scrolls of poison {unknown}
 q - 3 scrolls of silence {unknown}
 u - 2 scrolls of immolation {unknown}
 A - a scroll of butterflies {unknown}
 C - a scroll of vulnerability {unknown}
 G - a scroll of amnesia {unknown}
 H - a scroll of fog {unknown}
Potions
 j - 5 potions of flight
 r - 2 potions of mutation
 s - 2 potions of lignification {unknown}
 t - a potion of magic {unknown}
 B - 3 potions of heal wounds {unknown}
 F - a potion of cancellation {unknown}


   Skills:
 * Level 5.6 Fighting
 - Level 5.5 Short Blades
 - Level 5.0 Armour
 * Level 5.6 Dodging
 - Level 5.0 Spellcasting
 + Level 6.8 Transmutations
 * Level 1.5 Invocations
 - Level 1.0 Evocations


You had 14 spell levels left.
You knew the following spells:

 Your Spells              Type           Power      Damage    Failure   Level
a - Slow                  Hex            12%        N/A       63%         1
b - Beastly Appendage     Tmut           48%        N/A       4%          1
c - Wereblood             Tmut           24%        N/A       8%          2

Your spell library contained the following spells:

 Spells                   Type           Power      Damage    Failure   Level
 Spider Form              Tmut/Pois      14%        N/A       52%         3
 Freeze                   Ice            20%        1d4       63%         1
 Necrotise                Necr           12%        1d4       63%         1
 Frozen Ramparts          Ice            10%        1d2       94%         3
 Hailstorm                Conj/Ice       5%         3d4       94%         3
 Vampiric Draining        Necr           3%         2d6       94%         3
 Agony                    Necr           3%         N/A       100%        5
 Summon Guardian Golem    Hex/Summ       Unusable   N/A       N/A         3

Dungeon Overview and Level Annotations

Branches:
Dungeon (7/15)             Temple (0/1) D:4           Sewer (visited)

Altars:
Hepliaklqana
Okawaru
Ru
Trog
Uskayaw

Shops:
D:3 :   D:6 =


Message History

You hit the wight.
The wight is severely damaged.
The wight closely misses you. The wight hits you but does no damage.
You hit the wight.
The wight is severely damaged.
The wight hits you with a +2 dire flail.
The wight hits you but does no damage.
You barely miss the wight. You punch the wight.
The wight is almost destroyed.
The wight hits you from afar with a +1 halberd.
The wight hits you with a +2 dire flail.
You feel drained.
You hit the wight.
You feel a bit better.
You destroy the wight!
Okawaru accepts your kill.
Found a wand of roots (13).
Your primal bloodlust is almost over.
The wight hits you with a +1 halberd! The wight closely misses you.
There is an open door, spattered with blood here.
Things that are here:
a +2 dire flail; a +0 robe You barely miss the wight.
The wight completely misses you.
The wight hits you with a +0 long sword!
* * * LOW HITPOINT WARNING * * *
You hit the wight.
The wight is lightly damaged.
The wight closely misses you. The wight barely misses you.
As you read the scroll of teleportation, it crumbles to dust.
You feel strangely unstable. The wight hits you with a +1 halberd.
* * * LOW HITPOINT WARNING * * *
The wight hits you with a +0 long sword!
* * * LOW HITPOINT WARNING * * *
You feel drained.
* * * LOW HITPOINT WARNING * * *
You feel better. The wight hits you with a +1 halberd!
* * * LOW HITPOINT WARNING * * *
You feel drained.
* * * LOW HITPOINT WARNING * * *
The wight hits you with a +0 long sword.
You die...

.... .... ##.. ..# ....
#... ..# .... #.... ..
.... #.... #'##
....#+######...# ...#
...........#....#...#
....).....<#....zz/.#
......><...# ##@##
...........# ##8.8##
...........###.....##
...........##8.....8##
####......##.........##
#......#8.........8#
#......+...........+
#......#8.........8#
#......##.........##


You could see 2 wights.

Vanquished Creatures
  Sigmund (D:5)
  2 orc warriors
  4 ogres
  A wolf (D:5)
  2 phantoms
  A bullfrog (D:6)
  A scorpion (D:6)
  3 gnoll sergeants
  A wight (D:7)
  3 killer bees (D:6)
  3 orc priests
  3 gnoll boudas
  8 hounds
  A sleepcap (D:4)
  Ijyb (D:4)
  2 iguanas (D:4)
  6 orc wizards
  23 gnolls
  4 river rats (Sewer)
  13 adders
  A white imp (D:5)
  6 worms
  4 dart slugs (D:2)
  26 orcs
  15 bats
  8 endoplasms
  6 giant cockroaches
  9 goblins
  7 hobgoblins
  11 jackals
  9 kobolds
  3 quokkas
  9 ball pythons
  7 frilled lizards
  5 rats
209 creatures vanquished.

Notes
Turn   | Place    | Note
-------+----------+-------------------------------------------
     0 | D:1      | Martska the Human Wanderer began the quest for the Orb.
     0 | D:1      | Martska set off with the following items: a +0 club, a wand
                  | of flame (3), a potion of berserk rage, a +2 scale mail;
                  | and the following spell memorised: Slow; and the following
                  | spells available to memorise: Summon Guardian Golem.
     0 | D:1      | Reached XP level 1. HP: 13/13 MP: 5/5
   154 | D:1      | Reached XP level 2. HP: 16/20 MP: 7/7
   442 | D:1      | Reached skill level 1 in Dodging
   493 | D:1      | Reached skill level 1 in Fighting
   524 | D:1      | Reached XP level 3. HP: 24/26 MP: 8/8
  1066 | D:2      | Reached XP level 4. HP: 33/33 MP: 10/10
  1377 | D:2      | Identified the +6 leather armour of Past Mistakes {Will+}
  1619 | D:2      | Reached XP level 5. HP: 38/38 MP: 11/11
  1632 | D:2      | Reached skill level 1 in Short Blades
  1884 | D:3      | Found Dackiosk's Book Boutique.
  2035 | D:3      | Found an iron altar of Okawaru.
  2050 | D:3      | Became a worshipper of Warmaster Okawaru
  2102 | D:3      | Reached XP level 6. HP: 37/46 MP: 13/13
  2297 | D:3      | Found a glowing drain.
  2498 | Sewer    | Entered a sewer
  2806 | Sewer    | Reached skill level 5 in Spellcasting
  3618 | D:4      | Found a staircase to the Ecumenical Temple.
  3636 | D:4      | Learned a level 1 spell: Beastly Appendage
  3772 | D:4      | Found a hide-covered altar of Uskayaw.
  3780 | D:4      | Reached skill level 1 in Transmutations
  3780 | D:4      | Reached XP level 7. HP: 40/52 MP: 14/14
  4025 | D:4      | Noticed Ijyb
  4037 | D:4      | Killed Ijyb
  4043 | D:4      | Reached * piety under Okawaru
  4044 | D:4      | Reached skill level 2 in Transmutations
  4323 | D:4      | HP: 2/52 [orc warrior/+0 flail (6)]
  4757 | D:4      | Learned a level 2 spell: Wereblood
  4839 | D:4      | Reached skill level 3 in Transmutations
  5276 | D:5      | Entered Level 5 of the Dungeon
  5281 | D:5      | Found a sacrificial altar of Ru.
  5289 | D:5      | Noticed Sigmund
  5300 | D:5      | Killed Sigmund
  5301 | D:5      | Reached XP level 8. HP: 58/58 MP: 11/15
  5335 | D:5      | Found a bloodstained altar of Trog.
  5347 | D:5      | Reached skill level 4 in Transmutations
  5483 | D:5      | Reached ** piety under Okawaru
  5518 | D:5      | Reached skill level 5 in Short Blades
  5651 | D:5      | Reached skill level 5 in Transmutations
  5753 | D:5      | Found a hazy altar of Hepliaklqana.
  6060 | D:5      | Reached XP level 9. HP: 58/65 MP: 16/16
  6558 | D:6      | Reached skill level 6 in Transmutations
  6686 | D:6      | Reached *** piety under Okawaru
  7088 | D:6      | Found Qoaduemn's Jewellery Boutique.
  7138 | D:6      | Reached skill level 5 in Fighting
  7251 | D:6      | Reached skill level 5 in Dodging
  8140 | D:6      | Reached skill level 1 in Invocations
  8225 | D:7      | HP: 3/66 [wight/+0 long sword (1)]
  8226 | D:7      | Slain by a wight

Illustrated notes

Levels and vault maps discovered:
D:1:      elethiomel_arrival_quiet, layout_basic
D:2:      layout_loops_ring, hangedman_glass_teeth
D:3:      layout_rooms, okawaru_ov_weapons_minmay, portal_sewer_entry_e,
          serial_shops, nicolae_square_shop, minmay_bisected
D:4:      layout_loops_ring, nicolae_uskayaw_murder_on_the_dancefloor,
          minmay_temple_entry_offerings, grunt_ministairs_11, uniq_ijyb
D:5:      layout_cave_pools, mainiacjoe_overflow_alcove_1, lemuel_crystal_altar,
          bloody_trog, serial_gnoll_camp, gnoll_camp_mini_doghouse,
          gnoll_camp_mini_basic, gnoll_camp_medium_02, gnoll_camp_mini_basic,
          uniq_sigmund
D:6:      layout_basic, serial_shops, nicolae_take_the_stairs,
          nicolae_concentric_dashed_squares_mild
D:7:      layout_gridville, yredelemnul_forgotten_temple_becter,
          chequers_serial_rivers_micro_b, eino_small_chamber_without_monster,
          dk_noncrumbling_4, uniq_joseph

Skill      XL: |  1  2  3  4  5  6  7  8  9 |
---------------+----------------------------+-----
Dodging        | 1 2 3 5 |  5.6
Fighting       | 1 2 3 5 |  5.6
Short Blades   | 1 2 4 5 |  5.5
Spellcasting   | 5 |  5.0
Transmutations | 1 3 5 6 |  6.8
Invocations    | 1 |  1.5
Armour         | |  5.0
Evocations     | |  1.0

Action                     |  1- 3 |  4- 6 |  7- 9 || total
---------------------------+-------+-------+-------++-------
  Melee: Club              |    58 |       |       ||    58
         Dagger            |    73 |       |       ||    73
         Short sword       |     6 |   252 |   495 ||   753
         Punch             |     1 |     5 |    11 ||    17
         Kick              |       |     6 |    11 ||    17
         Headbutt          |       |     3 |     3 ||     6
   Cast: Beastly Appendage |       |     2 |     2 ||     4
         Wereblood         |       |       |    14 ||    14
 Invoke: Heroism           |       |       |     1 ||     1
    Use: Potion            |     2 |     1 |     1 ||     4
         Scroll            |       |     1 |     2 ||     3
 Armour: Scale mail        |   106 |   205 |   244 ||   555
  Dodge: Dodged            |    90 |   169 |   240 ||   499
